 Dungeon Crawl Stone Soup version 0.25-a0-1079-g858b6a6ff6 (webtiles) character file.

Game seed: 400992845981252242, levelgen mode: classic

257 Amnesiac the Cutter (level 5, -14/31 HPs)
             Began as a Deep Elf Fighter on May 16, 2020.
             Killed from afar by Ijyb (22 damage)
             ... with a bolt of acid
             ... on level 3 of the Dungeon.
             The game lasted 00:04:47 (2757 turns).

Amnesiac the Cutter (Deep Elf Fighter)              Turns: 2757, Time: 00:04:47

Health: -14/31     AC:  5    Str: 14    XL:     5   Next: 93%
Magic:  7/7        EV: 11    Int: 13    God:
Gold:   110        SH:  4    Dex: 14    Spells: 4/4 levels left

rFire    . . .     SeeInvis .   b - +2 hunting sling (vorpal)
rCold    . . .     Gourm    .   p - +0 buckler
rNeg     . . .     Faith    .   g - +0 scale mail
rPois    .         Spirit   .   (helmet restricted)
rElec    .         Reflect  .   k - +0 cloak
rCorr    .         Harm     .   (no gloves)
MR       .....                  (no boots)
Stlth    ++........             (no amulet)
HPRegen  0.10/turn              (no ring)
MPRegen  0.10/turn              (no ring)

@: about to teleport, corroded
A: horns 1, icy blue scales 1, camouflage 1, sturdy frame 1
a: no special abilities


You were on level 3 of the Dungeon.
You were not hungry.

You visited 1 branch of the dungeon, and saw 3 of its levels.

You collected 110 gold pieces.

Inventory:

Hand Weapons
 a - a +0 rapier
 b - a +2 vorpal hunting sling (weapon)
Missiles
 h - 4 poisoned darts (quivered)
 o - 130 stones
Armour
 c - a +0 kite shield
 g - a +0 scale mail (worn)
 k - a +0 cloak (worn)
 p - a +0 buckler (worn)
Jewellery
 v - an uncursed amulet of magic regeneration
Scrolls
 e - 3 scrolls of identify {!r}
 j - 2 scrolls of magic mapping {!r}
 l - a scroll of noise {!r}
 n - a scroll of enchant armour {!r, unknown}
 r - a scroll of remove curse {!r}
 s - a scroll of enchant weapon {!r}
Potions
 d - a potion of might {!q}
Comestibles
 f - 8 rations
 i - 10 chunks of flesh


   Skills:
 - Level 2.4 Fighting
 - Level 4.0 Short Blades
 * Level 3.2 Slings
 - Level 2.4 Armour
 - Level 2.4 Dodging
 - Level 2.4 Shields


You had 4 spell levels left.
You didn't know any spells.
Your spell library was empty.

Dungeon Overview and Level Annotations

Branches:
Dungeon (3/15)

Altars:
Dithmenos
Qazlal
Zin

Annotations:
D:3 Ijyb


Innate Abilities, Weirdness & Mutations

You have a pair of small horns on your head.
You are partially covered in icy blue scales. (AC +2)
Your skin changes colour to match your surroundings (Stealth+).
Your movements are slightly less encumbered by armour. (ER -2)


Message History

Aim: a worm (severely wounded, extremely poisoned)
You throw a poisoned dart. The poisoned dart hits the worm.
The worm looks as sick as possible!
The worm is severely wounded.
Throwing (i - inventory. (/) - cycle)
h - 7 poisoned darts (quivered)
Press: ? - help, Shift-Dir - straight line, f/p - worm
Aim: a worm (almost dead, extremely poisoned)
You throw a poisoned dart.
The poisoned dart barely misses the worm.
You kill the worm!
No target in view!
No target in view!
Ijyb the Twisted Goblin comes into view.
She is carrying a wand of acid (10).
Throwing (i - inventory. (/) - cycle)
h - 6 poisoned darts (quivered)
Press: ? - help, Shift-Dir - straight line, f - Ijyb
Aim: Ijyb, wearing a +0 ring mail and carrying a wand of acid (10) (asleep)
You throw a poisoned dart. The poisoned dart hits Ijyb.
Ijyb is poisoned.
Ijyb shouts!
You hear an angry hiss.
Ijyb screams, "Level is mine!
All mine!"
Press: ? - help, v - describe, . - travel
Here: Ijyb, wearing a +0 ring mail and carrying a wand of acid (10) (poisoned)
The floor.
Throwing (i - inventory. (/) - cycle)
h - 5 poisoned darts (quivered)
Press: ? - help, Shift-Dir - straight line, f/p - Ijyb
Aim: Ijyb, wearing a +0 ring mail and carrying a wand of acid (10) (poisoned)
You throw a poisoned dart. The poisoned dart closely misses Ijyb.
Ijyb zaps a wand.
The bolt of acid hits you! The acid corrodes you!
You are splashed with acid!
* * * LOW HITPOINT WARNING * * *
Unknown command.
Okay, then.
Okay, then.
Really read
r - 2 scrolls labeled MEGIGU ULAR {!r}?
As you read the scroll labeled MEGIGU ULAR {!r}, it crumbles to dust.
You feel blessed for a moment.
It was a scroll of remove curse {!r}.
Ijyb looks more healthy.
Really read
u - a scroll labeled PIHIUL LOQI {!r}?
As you read the scroll labeled PIHIUL LOQI {!r}, it crumbles to dust.
It is a scroll of amnesia.
You feel forgetful for a moment.
Really read
s - 2 scrolls labeled GIXEAR DUMUFI {!r}?
As you read the scroll labeled GIXEAR DUMUFI {!r}, it crumbles to dust.
It is a scroll of enchant weapon.
Your +1 vorpal hunting sling glows red for a moment.
Really read
j - 3 scrolls labeled KAUCHO JO ANEI {!r}?
As you read the scroll labeled KAUCHO JO ANEI {!r}, it crumbles to dust.
You feel aware of your surroundings.
It was a scroll of magic mapping {!r}.
Ijyb closely misses you.
Really read
e - 4 scrolls labeled WEKHUTZ SAMO {!r}?
As you read the scroll labeled WEKHUTZ SAMO {!r}, it crumbles to dust.
It is a scroll of identify.
v - an uncursed amulet of magic regeneration Ijyb misses you.
A ball python comes into view.
Really read
l - 2 scrolls labeled MIOPNA JEACKO {!r}?
As you read the scroll labeled MIOPNA JEACKO {!r}, it crumbles to dust.
You hear a loud clanging noise!
It was a scroll of noise {!r}.
Ijyb barely misses you.
Really read
m - a scroll labeled IRHOSTR SEILAMO {!r}?
As you read the scroll labeled IRHOSTR SEILAMO {!r}, it crumbles to dust.
You feel strangely unstable.
It was a scroll of teleportation {!r}.
Ijyb zaps a wand.
The bolt of acid hits you!!
Ouch! That really hurt!
You die...

#.# #.# #.# #.#
#.# #######.#
#.......#
#.####### #@#
#g# **#S#****
#...$.(.#******
#...$(.....,,,*
#....(.....,,,*
#.....(....,,,*
#......(...,,,*
#.....((...,,,*


You could see Ijyb and a ball python.

Vanquished Creatures
  An orc priest (D:3)
  4 orc wizards (D:3)
  2 adders
  4 worms
  2 dart slugs (D:1)
  5 leopard geckos
  12 orcs (D:3)
  6 bats
  A giant cockroach (D:2)
  3 goblins
  8 hobgoblins
  5 jackals
  A quokka (D:2)
  2 ball pythons (D:1)
  4 frilled lizards
  3 kobolds
  7 rats
70 creatures vanquished.

Notes
Turn   | Place    | Note
-------+----------+-------------------------------------------
     0 | D:1      | Amnesiac the Deep Elf Fighter began the quest for the Orb.
     0 | D:1      | Reached XP level 1. HP: 13/13 MP: 3/3
    59 | D:1      | Reached XP level 2. HP: 14/18 MP: 4/4
   160 | D:1      | Reached skill level 3 in Short Blades
   495 | D:1      | Reached XP level 3. HP: 22/22 MP: 5/5
  1132 | D:2      | Found a stormy altar of Qazlal.
  1183 | D:2      | Reached skill level 1 in Slings
  1203 | D:2      | Found a glowing silver altar of Zin.
  1755 | D:3      | Reached XP level 4. HP: 27/27 MP: 6/6
  1767 | D:3      | Reached skill level 4 in Short Blades
  1898 | D:3      | Found a shadowy altar of Dithmenos.
  1936 | D:3      | Reached skill level 1 in Dodging
  1949 | D:3      | Reached XP level 5. HP: 11/31 MP: 7/7
  1954 | D:3      | HP: 1/31 [orc priest/divine providence (11)]
  1967 | D:3      | Gained mutation: You are partially covered in icy blue
                  | scales. (AC +2) [potion of mutation]
  1967 | D:3      | Gained mutation: Your skin changes colour to match your
                  | surroundings (Stealth+). [potion of mutation]
  1967 | D:3      | Gained mutation: Your movements are slightly less
                  | encumbered by armour. (ER -2) [potion of mutation]
  1967 | D:3      | Gained mutation: You have a pair of small horns on your
                  | head. [potion of mutation]
  2746 | D:3      | Noticed Ijyb
  2757 | D:3      | Killed from afar by Ijyb

Illustrated notes

Levels and vault maps discovered:
D:1:      onia_arrival_handbag, layout_loops_ring
D:2:      layout_basic, grunt_qazlal_sundering, lemuel_doored_altar,
          first_ration, chequers_serial_rivers_micro_e
D:3:      layout_basic, nicolae_dithmenos_shadow_blocks, uniq_ijyb

Skill      XL: |  1  2  3  4  5 |
---------------+----------------+-----
Short Blades   | 3 4 |  4.0
Slings         | 1 2 3 |  3.2
Dodging        | 1 2 |  2.4
Fighting       | |  2.4
Armour         | |  2.4
Shields        | |  2.4

Action                   |  1- 3 |  4- 6 || total
-------------------------+-------+-------++-------
Melee: Rapier            |    81 |       ||    81
       Unarmed           |       |     5 ||     5
 Fire: Hunting sling     |    58 |    96 ||   154
Throw: Dart              |    33 |    21 ||    54
  Use: Scroll            |       |     7 ||     7
       Potion            |       |     7 ||     7
  Eat: Chunk             |     3 |     3 ||     6
Armor: Scale mail        |    40 |    21 ||    61
       Skin              |       |     3 ||     3
Dodge: Dodged            |    20 |    18 ||    38
Block: Kite shield       |    54 |       ||    54
       Buckler           |       |     8 ||     8

Table legend:
 A = Non-vault XP
 B = Vault XP
 C = Vault XP percentage of total XP
 D = Non-vault monster count
 E = Vault monster count
 F = Vault count percentage of total count
                 A         B        C        D         E       F
            +---------+---------+-------+---------+---------+-------
      Total |     363 |       5 |   1.4 |      66 |       4 |   5.7
            +---------+---------+-------+---------+---------+-------
        D:1 |      39 |       5 |  11.4 |      18 |       4 |  18.2
        D:2 |      44 |       0 |   0.0 |      17 |       0 |   0.0
        D:3 |     280 |       0 |   0.0 |      31 |       0 |   0.0
            +---------+---------+-------+---------+---------+-------
